[ AOE2 MATCH · #468637546 ]
UnrankedGeorgians vs Italians
[ REPLAY ANALYSIS · EXTRACTED FROM THE RECORDED GAME ]
Feudal
11:00
Castle
14:34
Imperial
29:30
| APM avg | 73.0 |
| APM peak | 113 |
| eAPM avg | 43.7 |
| Villagers / military | 325 / 436 |
Focus
⚔️ 47.2% · 🌾 52.8%
Scout Cavalry ×281 · Skirmisher ×54 · Monaspa ×51 · Scorpion ×27 · Cavalry Archer ×11 · Monk ×4
Feudal
10:06
Castle
13:40
Imperial
27:06
| APM avg | 54.6 |
| APM peak | 93 |
| eAPM avg | 30.0 |
| Villagers / military | 174 / 350 |
Focus
⚔️ 44.9% · 🌾 55.1%
Genoese Crossbowman ×183 · Scout Cavalry ×149 · Trade Cart ×29 · Bombard Cannon ×10 · Trebuchet (Packed) ×7 · Monk ×1
Feudal
10:31
Castle
14:14
Imperial
28:51
| APM avg | 54.9 |
| APM peak | 115 |
| eAPM avg | 34.1 |
| Villagers / military | 154 / 1211 |
Focus
⚔️ 48.8% · 🌾 51.2%
Serjeant ×612 · Spearman ×328 · Skirmisher ×221 · Trade Cart ×66 · Battering Ram ×47 · Trebuchet (Packed) ×3
Feudal
10:31
Castle
14:18
Imperial
29:00
| APM avg | 31.0 |
| APM peak | 62 |
| eAPM avg | 20.8 |
| Villagers / military | 188 / 605 |
Focus
⚔️ 48.7% · 🌾 51.3%
Spearman ×495 · Cavalry Archer ×108 · Trade Cart ×41 · Magyar Huszar ×1 · Trebuchet (Packed) ×1
Feudal
11:53
Castle
15:48
Imperial
29:47
| APM avg | 49.2 |
| APM peak | 97 |
| eAPM avg | 33.4 |
| Villagers / military | 174 / 665 |
Focus
⚔️ 49.6% · 🌾 50.4%
Scout Cavalry ×612 · Camel Scout ×39 · Bombard Cannon ×9 · Trade Cart ×8 · Monk ×3 · Knight ×1
Feudal
10:11
Castle
13:24
Imperial
28:46
| APM avg | 40.8 |
| APM peak | 88 |
| eAPM avg | 27.5 |
| Villagers / military | 248 / 452 |
Focus
⚔️ 31.9% · 🌾 68.1%
War Elephant ×304 · Scout Cavalry ×139 · Trade Cart ×100 · Bombard Cannon ×5 · Monk ×2 · Trebuchet (Packed) ×2
Feudal
9:48
Castle
14:21
Imperial
38:49
| APM avg | 69.9 |
| APM peak | 129 |
| eAPM avg | 43.1 |
| Villagers / military | 194 / 408 |
Focus
⚔️ 44.8% · 🌾 55.2%
Spearman ×184 · Woad Raider ×83 · Battering Ram ×63 · Mangonel ×38 · Scorpion ×33 · Trade Cart ×19
Feudal
10:31
Castle
14:25
Imperial
41:09
| APM avg | 48.5 |
| APM peak | 81 |
| eAPM avg | 33.3 |
| Villagers / military | 315 / 277 |
Focus
⚔️ 38.8% · 🌾 61.2%
Spearman ×155 · Skirmisher ×70 · Trade Cart ×45 · Samurai ×39 · Monk ×8 · Petard ×2
Match map
Initial resources + every placement click. Lines = walls · curves = elevation contours. ◆ gold · ⬟ stone · ● berries · ✦ relic · ◌ wall gap
Your base· ✓ Closed at 14:34 · 0t walls · 2 gate(s)
H 2 0's base· ✓ Closed at 13:40 · 0t walls · 3 gate(s)
RoR | Yokohama's base· ✓ Closed at 14:14 · 0t walls · 2 gate(s)
Poggle-der-Fisch's base· ✓ Closed at 14:18 · 0t walls · 3 gate(s)
一剑扫秋风nelson's base· ✓ Closed at 15:48 · 0t walls · 2 gate(s)
Ryukgit's base· ✓ Closed at 13:24 · 0t walls · 3 gate(s)
^_^'s base· ✓ Closed at 14:21 · 0t walls · 2 gate(s)
Ryukgit's base· ✓ Closed at 14:25 · 0t walls · 3 gate(s)
Smoothed initial terrain · ◌ = detected wall gap · hover for details
Inputs per minute
— ryukgit - - H 2 0
Build order — ryukgit
First 150 of 1196 actions detected
| 0:01 | Create | Villager (Male) |
| 0:02 | Create | Villager (Male) |
| 0:02 | Create | Villager (Male) |
| 0:03 | Build | House |
| 0:04 | Build | House |
| 0:24 | Create | Villager (Male) |
| 1:36 | Create | Villager (Male) |
| 2:02 | Create | Villager (Male) |
| 2:24 | Create | Villager (Male) |
| 2:48 | Create | Villager (Male) |
| 2:48 | Create | Villager (Male) |
| 3:15 | Create | Villager (Male) |
| 3:15 | Create | Villager (Male) |
| 3:37 | Create | Villager (Male) |
| 3:50 | Build | House |
| 4:03 | Build | Mill |
| 4:10 | Create | Villager (Male) |
| 4:10 | Create | Villager (Male) |
| 5:05 | Create | Villager (Male) |
| 5:05 | Create | Villager (Male) |
| 5:09 | Create | Villager (Male) |
| 5:38 | Build | House |
| 5:48 | Build | Farm |
| 5:48 | Build | Farm |
| 6:11 | Create | Villager (Male) |
| 6:18 | Build | House |
| 6:38 | Create | Villager (Male) |
| 6:41 | Build | Farm |
| 7:03 | Create | Villager (Male) |
| 7:26 | Create | Villager (Male) |
| 7:33 | Create | Villager (Male) |
| 8:07 | Create | Villager (Male) |
| 8:14 | Build | Barracks |
| 8:32 | Build | Mule Cart |
| 8:42 | Research | Feudal Age |
| 8:42 | Research | Feudal Age |
| 9:17 | Create | Villager (Male) |
| 9:17 | Create | Villager (Male) |
| 11:00 | Age | Feudal Age |
| 11:04 | Build | Stable |
| 11:07 | Build | Blacksmith |
| 11:18 | Research | Double-Bit Axe |
| 11:18 | Research | Double-Bit Axe |
| 11:54 | Research | Castle Age |
| 11:54 | Research | Castle Age |
| 12:05 | Build | Mule Cart |
| 12:18 | Research | Horse Collar |
| 12:18 | Research | Horse Collar |
| 12:33 | Create | Scout Cavalry |
| 12:36 | Build | Farm |
| 12:46 | Build | House |
| 12:57 | Build | Farm |
| 13:02 | Create | Villager (Male) |
| 13:17 | Create | Scout Cavalry |
| 13:18 | Create | Scout Cavalry |
| 13:23 | Build | Farm |
| 13:52 | Create | Scout Cavalry |
| 14:21 | Build | Farm |
| 14:32 | Create | Scout Cavalry |
| 14:34 | Age | Castle Age |
| 14:38 | Build | Town Center |
| 14:42 | Build | Farm |
| 14:56 | Create | Villager (Male) |
| 14:57 | Build | Farm |
| 15:04 | Create | Villager (Male) |
| 15:15 | Create | Scout Cavalry |
| 15:21 | Build | Farm |
| 15:41 | Build | Monastery |
| 15:44 | Create | Villager (Male) |
| 15:48 | Create | Villager (Male) |
| 16:12 | Create | Villager (Male) |
| 16:16 | Build | Farm |
| 16:17 | Build | Farm |
| 16:25 | Build | Farm |
| 16:27 | Build | Farm |
| 16:30 | Build | House |
| 16:30 | Build | House |
| 16:31 | Create | Monk |
| 16:37 | Create | Villager (Male) |
| 16:42 | Build | House |
| 16:42 | Build | House |
| 16:48 | Create | Villager (Male) |
| 17:07 | Build | House |
| 17:08 | Create | Monk |
| 17:11 | Create | Villager (Male) |
| 17:15 | Create | Villager (Male) |
| 17:19 | Build | Farm |
| 17:25 | Build | Farm |
| 17:35 | Create | Villager (Male) |
| 17:41 | Build | Town Center |
| 17:44 | Create | Villager (Male) |
| 17:55 | Create | Villager (Male) |
| 18:12 | Create | Villager (Male) |
| 18:13 | Create | Villager (Male) |
| 18:17 | Create | Villager (Male) |
| 18:25 | Build | Farm |
| 18:25 | Build | Farm |
| 18:25 | Build | Farm |
| 18:31 | Build | Farm |
| 18:33 | Create | Villager (Male) |
| 18:33 | Create | Villager (Male) |
| 18:41 | Create | Villager (Male) |
| 18:46 | Create | Villager (Male) |
| 19:01 | Build | Farm |
| 19:04 | Build | Farm |
| 19:08 | Create | Villager (Male) |
| 19:10 | Create | Villager (Male) |
| 19:12 | Build | Farm |
| 19:12 | Build | Farm |
| 19:12 | Build | Farm |
| 19:21 | Create | Villager (Male) |
| 19:29 | Create | Villager (Male) |
| 19:39 | Build | Monastery |
| 19:41 | Create | Villager (Male) |
| 19:44 | Create | Villager (Male) |
| 19:48 | Build | House |
| 19:49 | Build | House |
| 19:50 | Build | House |
| 19:54 | Create | Villager (Male) |
| 20:10 | Create | Villager (Male) |
| 20:13 | Build | Farm |
| 20:13 | Build | Farm |
| 20:14 | Build | Farm |
| 20:17 | Create | Villager (Male) |
| 20:18 | Create | Villager (Male) |
| 20:34 | Create | Villager (Male) |
| 20:34 | Create | Villager (Male) |
| 20:37 | Build | Farm |
| 20:40 | Create | Villager (Male) |
| 20:41 | Create | Villager (Male) |
| 20:56 | Create | Villager (Male) |
| 21:06 | Research | Light Cavalry (upgrade) |
| 21:06 | Research | Light Cavalry (upgrade) |
| 21:09 | Create | Villager (Male) |
| 21:13 | Build | Mule Cart |
| 21:15 | Create | Villager (Male) |
| 21:25 | Create | Villager (Male) |
| 21:28 | Build | House |
| 21:28 | Build | House |
| 21:31 | Create | Villager (Male) |
| 21:31 | Create | Villager (Male) |
| 21:41 | Build | Farm |
| 21:42 | Build | Farm |
| 21:44 | Build | Farm |
| 21:45 | Create | Villager (Male) |
| 21:52 | Create | Villager (Male) |
| 21:54 | Create | Monk |
| 21:58 | Create | Villager (Male) |
| 22:03 | Research | Wheelbarrow |
| 22:03 | Research | Wheelbarrow |
Build order — H 2 0
First 150 of 754 actions detected
| 0:00 | Create | Villager (Male) |
| 0:01 | Create | Villager (Male) |
| 0:01 | Create | Villager (Male) |
| 0:01 | Create | Villager (Male) |
| 0:02 | Build | House |
| 0:03 | Build | House |
| 1:12 | Create | Villager (Male) |
| 1:12 | Create | Villager (Male) |
| 1:47 | Create | Villager (Male) |
| 1:50 | Build | Lumber Camp |
| 2:14 | Create | Villager (Male) |
| 2:14 | Create | Villager (Male) |
| 2:30 | Create | Villager (Male) |
| 2:30 | Create | Villager (Male) |
| 3:15 | Create | Villager (Male) |
| 3:24 | Create | Villager (Male) |
| 3:24 | Create | Villager (Male) |
| 3:27 | Build | House |
| 3:55 | Create | Villager (Male) |
| 3:59 | Create | Villager (Male) |
| 4:16 | Build | House |
| 4:16 | Build | House |
| 4:46 | Create | Villager (Male) |
| 4:48 | Create | Villager (Male) |
| 4:48 | Create | Villager (Male) |
| 5:21 | Build | Mill |
| 5:22 | Create | Villager (Male) |
| 6:20 | Build | Mining Camp |
| 6:23 | Create | Villager (Male) |
| 6:58 | Create | Villager (Male) |
| 6:59 | Create | Villager (Male) |
| 7:36 | Research | Feudal Age |
| 9:07 | Create | Villager (Male) |
| 10:06 | Age | Feudal Age |
| 10:11 | Build | Market |
| 10:18 | Build | Blacksmith |
| 10:24 | Build | Farm |
| 10:25 | Create | Villager (Male) |
| 10:58 | Build | Farm |
| 11:00 | Research | Castle Age |
| 11:04 | Research | Double-Bit Axe |
| 12:19 | Build | Farm |
| 12:22 | Build | Farm |
| 12:23 | Build | Farm |
| 12:48 | Create | Villager (Male) |
| 13:40 | Age | Castle Age |
| 13:44 | Build | Town Center |
| 13:47 | Build | Town Center |
| 13:52 | Research | Bow Saw |
| 13:56 | Create | Villager (Male) |
| 14:12 | Build | Farm |
| 14:21 | Create | Villager (Male) |
| 14:34 | Build | Farm |
| 14:47 | Create | Villager (Male) |
| 14:56 | Create | Villager (Male) |
| 15:06 | Create | Villager (Male) |
| 15:08 | Create | Villager (Male) |
| 15:10 | Build | Farm |
| 15:12 | Build | Farm |
| 15:13 | Build | Farm |
| 15:22 | Create | Villager (Male) |
| 15:27 | Create | Villager (Male) |
| 15:30 | Build | Farm |
| 15:30 | Build | Farm |
| 15:35 | Build | House |
| 15:36 | Create | Villager (Male) |
| 15:50 | Build | Farm |
| 15:52 | Build | Farm |
| 15:53 | Create | Villager (Male) |
| 16:04 | Create | Villager (Male) |
| 16:04 | Create | Villager (Male) |
| 16:16 | Create | Villager (Male) |
| 16:21 | Create | Villager (Male) |
| 16:24 | Build | House |
| 16:27 | Build | House |
| 16:41 | Create | Villager (Male) |
| 16:47 | Build | Town Center |
| 16:50 | Create | Villager (Male) |
| 16:50 | Create | Villager (Male) |
| 16:52 | Build | Farm |
| 16:54 | Create | Villager (Male) |
| 16:55 | Build | Farm |
| 16:57 | Build | House |
| 17:05 | Build | Farm |
| 17:21 | Build | Farm |
| 17:30 | Research | Wheelbarrow |
| 17:39 | Create | Villager (Male) |
| 17:39 | Create | Villager (Male) |
| 17:42 | Build | House |
| 17:43 | Build | House |
| 17:48 | Build | Lumber Camp |
| 17:52 | Create | Villager (Male) |
| 17:52 | Create | Villager (Male) |
| 18:01 | Create | Villager (Male) |
| 18:04 | Build | Farm |
| 18:06 | Build | Farm |
| 18:09 | Create | Villager (Male) |
| 18:09 | Create | Villager (Male) |
| 18:16 | Create | Villager (Male) |
| 18:19 | Build | House |
| 18:28 | Create | Villager (Male) |
| 18:30 | Create | Villager (Male) |
| 18:36 | Build | Farm |
| 18:37 | Build | Farm |
| 18:38 | Create | Villager (Male) |
| 18:38 | Create | Villager (Male) |
| 18:46 | Build | House |
| 18:49 | Create | Villager (Male) |
| 18:49 | Create | Villager (Male) |
| 18:58 | Build | Farm |
| 19:00 | Research | Horse Collar |
| 19:00 | Research | Horse Collar |
| 19:06 | Create | Villager (Male) |
| 19:07 | Create | Villager (Male) |
| 19:09 | Build | Farm |
| 19:11 | Build | Farm |
| 19:12 | Create | Villager (Male) |
| 19:12 | Create | Villager (Male) |
| 19:20 | Build | House |
| 19:21 | Create | Villager (Male) |
| 19:21 | Create | Villager (Male) |
| 19:37 | Create | Villager (Male) |
| 19:37 | Create | Villager (Male) |
| 19:37 | Create | Villager (Male) |
| 19:40 | Create | Villager (Male) |
| 19:42 | Build | House |
| 19:47 | Build | Farm |
| 19:48 | Build | Farm |
| 19:49 | Build | Farm |
| 19:49 | Create | Villager (Male) |
| 19:51 | Build | Farm |
| 19:52 | Build | Farm |
| 19:53 | Create | Villager (Male) |
| 19:57 | Build | Farm |
| 20:00 | Create | Villager (Male) |
| 20:06 | Build | House |
| 20:09 | Research | Stone Mining |
| 20:17 | Create | Villager (Male) |
| 20:18 | Create | Villager (Male) |
| 20:24 | Build | Monastery |
| 20:25 | Create | Villager (Male) |
| 20:35 | Create | Villager (Male) |
| 20:35 | Create | Villager (Male) |
| 20:38 | Create | Villager (Male) |
| 20:38 | Create | Villager (Male) |
| 20:43 | Build | House |
| 20:43 | Build | House |
| 20:45 | Create | Villager (Male) |
| 20:49 | Create | Villager (Male) |
| 20:50 | Create | Villager (Male) |
Build order — RoR | Yokohama
First 150 of 910 actions detected
| 0:01 | Create | Villager (Male) |
| 0:01 | Create | Villager (Male) |
| 0:02 | Create | Villager (Male) |
| 0:04 | Build | House |
| 0:05 | Build | House |
| 0:18 | Create | Villager (Male) |
| 0:18 | Create | Villager (Male) |
| 1:16 | Create | Villager (Male) |
| 1:16 | Create | Villager (Male) |
| 2:02 | Create | Villager (Male) |
| 2:02 | Create | Villager (Male) |
| 2:03 | Create | Villager (Male) |
| 2:13 | Build | Lumber Camp |
| 2:29 | Create | Villager (Male) |
| 2:44 | Create | Villager (Male) |
| 2:44 | Create | Villager (Male) |
| 3:23 | Create | Villager (Male) |
| 3:23 | Create | Villager (Male) |
| 3:31 | Build | House |
| 3:38 | Create | Villager (Male) |
| 3:39 | Create | Villager (Male) |
| 3:43 | Create | Villager (Male) |
| 4:17 | Create | Villager (Male) |
| 4:17 | Create | Villager (Male) |
| 4:37 | Create | Villager (Male) |
| 4:38 | Create | Villager (Male) |
| 4:38 | Create | Villager (Male) |
| 4:54 | Create | Villager (Male) |
| 5:28 | Create | Villager (Male) |
| 5:38 | Build | House |
| 5:49 | Create | Villager (Male) |
| 6:11 | Build | Mill |
| 7:14 | Create | Villager (Male) |
| 7:25 | Build | House |
| 7:45 | Create | Villager (Male) |
| 8:02 | Build | Mining Camp |
| 8:12 | Research | Feudal Age |
| 8:17 | Build | Farm |
| 8:18 | Build | Farm |
| 9:01 | Create | Villager (Male) |
| 9:01 | Create | Villager (Male) |
| 10:31 | Age | Feudal Age |
| 10:36 | Build | Blacksmith |
| 10:41 | Build | Market |
| 11:34 | Research | Castle Age |
| 11:34 | Research | Castle Age |
| 12:12 | Research | Horse Collar |
| 12:19 | Build | House |
| 12:20 | Build | House |
| 12:33 | Build | Farm |
| 13:04 | Research | Double-Bit Axe |
| 13:04 | Research | Double-Bit Axe |
| 13:14 | Build | Farm |
| 13:31 | Create | Villager (Male) |
| 14:14 | Age | Castle Age |
| 14:17 | Build | Town Center |
| 14:25 | Build | Town Center |
| 14:30 | Research | Bow Saw |
| 14:30 | Research | Bow Saw |
| 14:39 | Create | Villager (Male) |
| 15:01 | Create | Villager (Male) |
| 15:09 | Build | Farm |
| 15:11 | Build | Farm |
| 15:15 | Build | Farm |
| 15:20 | Create | Villager (Male) |
| 15:27 | Create | Villager (Male) |
| 15:27 | Create | Villager (Male) |
| 15:35 | Build | Farm |
| 15:37 | Build | Farm |
| 15:40 | Build | Farm |
| 15:41 | Create | Villager (Male) |
| 15:41 | Create | Villager (Male) |
| 15:56 | Build | Farm |
| 15:58 | Create | Villager (Male) |
| 16:02 | Build | Farm |
| 16:15 | Build | Farm |
| 16:16 | Build | Farm |
| 16:20 | Create | Villager (Male) |
| 16:26 | Build | Farm |
| 16:31 | Create | Villager (Male) |
| 16:34 | Build | Farm |
| 16:55 | Create | Villager (Male) |
| 17:07 | Create | Villager (Male) |
| 17:08 | Create | Villager (Male) |
| 17:20 | Create | Villager (Male) |
| 17:20 | Create | Villager (Male) |
| 17:22 | Build | Farm |
| 17:28 | Create | Villager (Male) |
| 17:32 | Create | Villager (Male) |
| 17:38 | Build | Farm |
| 17:39 | Build | Farm |
| 17:41 | Build | Farm |
| 17:44 | Create | Villager (Male) |
| 17:53 | Build | Farm |
| 18:00 | Create | Villager (Male) |
| 18:03 | Create | Villager (Male) |
| 18:06 | Build | Farm |
| 18:07 | Create | Villager (Male) |
| 18:16 | Build | Town Center |
| 18:19 | Create | Villager (Male) |
| 18:29 | Create | Villager (Male) |
| 18:31 | Build | Farm |
| 18:33 | Build | Farm |
| 18:34 | Create | Villager (Male) |
| 18:38 | Create | Villager (Male) |
| 18:47 | Create | Villager (Male) |
| 18:50 | Build | Farm |
| 18:53 | Create | Villager (Male) |
| 18:55 | Build | Farm |
| 19:03 | Create | Villager (Male) |
| 19:06 | Build | House |
| 19:08 | Build | Farm |
| 19:11 | Create | Villager (Male) |
| 19:18 | Create | Villager (Male) |
| 19:20 | Create | Villager (Male) |
| 19:26 | Create | Villager (Male) |
| 19:40 | Create | Villager (Male) |
| 19:41 | Create | Villager (Male) |
| 19:43 | Build | House |
| 19:48 | Build | Farm |
| 19:49 | Build | Farm |
| 19:50 | Build | Farm |
| 19:51 | Create | Villager (Male) |
| 19:51 | Create | Villager (Male) |
| 19:58 | Create | Villager (Male) |
| 20:04 | Create | Villager (Male) |
| 20:06 | Build | House |
| 20:07 | Build | House |
| 20:11 | Create | Villager (Male) |
| 20:14 | Build | Farm |
| 20:15 | Create | Villager (Male) |
| 20:18 | Build | Lumber Camp |
| 20:26 | Build | Farm |
| 20:28 | Build | Farm |
| 20:28 | Create | Villager (Male) |
| 20:30 | Create | Villager (Male) |
| 20:31 | Create | Villager (Male) |
| 20:39 | Research | Heavy Plow |
| 20:39 | Research | Heavy Plow |
| 20:42 | Create | Villager (Male) |
| 20:50 | Create | Villager (Male) |
| 20:52 | Build | Farm |
| 20:52 | Create | Villager (Male) |
| 20:59 | Build | Farm |
| 20:59 | Create | Villager (Male) |
| 21:03 | Create | Villager (Male) |
| 21:06 | Create | Villager (Male) |
| 21:10 | Build | House |
| 21:12 | Build | Farm |
| 21:12 | Create | Villager (Male) |
Build order — Poggle-der-Fisch
First 150 of 562 actions detected
| 0:01 | Create | Villager (Male) ×4 |
| 0:04 | Build | House |
| 0:05 | Build | House |
| 1:08 | Create | Villager (Male) |
| 1:41 | Create | Villager (Male) |
| 1:45 | Build | Lumber Camp |
| 2:13 | Create | Villager (Male) |
| 2:43 | Create | Villager (Male) |
| 2:44 | Create | Villager (Male) |
| 3:03 | Create | Villager (Male) |
| 3:24 | Create | Villager (Male) |
| 3:26 | Build | House |
| 3:51 | Build | House |
| 4:04 | Create | Villager (Male) |
| 4:16 | Build | Mill |
| 4:20 | Build | Mill |
| 4:26 | Create | Villager (Male) |
| 4:44 | Create | Villager (Male) |
| 4:59 | Create | Villager (Male) |
| 5:16 | Create | Villager (Male) |
| 5:37 | Create | Villager (Male) |
| 5:54 | Create | Villager (Male) |
| 6:25 | Create | Villager (Male) |
| 6:30 | Create | Villager (Male) |
| 7:16 | Create | Villager (Male) |
| 8:00 | Build | Mining Camp |
| 8:17 | Research | Feudal Age |
| 8:28 | Build | Farm |
| 8:30 | Build | Farm |
| 8:58 | Create | Villager (Male) |
| 8:58 | Create | Villager (Male) |
| 9:09 | Build | House |
| 10:31 | Age | Feudal Age |
| 10:33 | Build | Market |
| 10:35 | Build | Blacksmith |
| 11:38 | Research | Castle Age |
| 12:13 | Research | Horse Collar |
| 12:22 | Build | House |
| 12:56 | Research | Double-Bit Axe |
| 14:18 | Age | Castle Age |
| 14:21 | Create | Villager (Male) |
| 14:21 | Create | Villager (Male) |
| 14:23 | Build | Town Center |
| 14:32 | Build | Town Center |
| 14:36 | Build | Farm |
| 14:37 | Build | Farm |
| 14:37 | Build | Farm |
| 14:38 | Build | Farm |
| 14:49 | Build | Farm |
| 14:50 | Build | Farm |
| 14:53 | Build | Farm |
| 15:52 | Create | Villager (Male) |
| 15:53 | Create | Villager (Male) |
| 15:56 | Build | Farm |
| 15:57 | Build | Farm |
| 15:59 | Build | Farm |
| 16:02 | Build | Farm |
| 16:08 | Create | Villager (Male) ×3 |
| 16:08 | Create | Villager (Male) ×3 |
| 16:14 | Create | Villager (Male) |
| 16:14 | Create | Villager (Male) |
| 16:23 | Build | Farm |
| 16:27 | Build | Farm |
| 16:35 | Create | Villager (Male) |
| 16:42 | Create | Villager (Male) |
| 16:46 | Build | Farm |
| 16:50 | Build | Farm |
| 16:59 | Build | Farm |
| 17:01 | Create | Villager (Male) |
| 17:01 | Create | Villager (Male) |
| 17:01 | Create | Villager (Male) |
| 17:16 | Create | Villager (Male) |
| 17:16 | Create | Villager (Male) |
| 17:24 | Build | Farm |
| 17:26 | Create | Villager (Male) |
| 17:27 | Build | Farm |
| 17:30 | Create | Villager (Male) |
| 17:34 | Build | Farm |
| 17:47 | Build | House |
| 17:48 | Build | House |
| 17:51 | Create | Villager (Male) |
| 17:51 | Create | Villager (Male) |
| 17:51 | Create | Villager (Male) |
| 17:52 | Create | Villager (Male) |
| 17:52 | Create | Villager (Male) |
| 17:54 | Create | Villager (Male) |
| 18:02 | Build | Farm |
| 18:04 | Build | Farm |
| 18:15 | Create | Villager (Male) ×2 |
| 18:17 | Build | Farm |
| 18:29 | Build | House |
| 18:30 | Build | House |
| 18:31 | Build | House |
| 18:45 | Research | Wheelbarrow |
| 19:05 | Research | Bow Saw |
| 19:16 | Create | Villager (Male) |
| 19:19 | Build | House |
| 19:27 | Create | Villager (Male) |
| 19:28 | Create | Villager (Male) |
| 19:57 | Create | Villager (Male) |
| 19:58 | Create | Villager (Male) |
| 20:17 | Create | Villager (Male) |
| 20:17 | Create | Villager (Male) |
| 20:21 | Build | Town Center |
| 20:46 | Create | Villager (Male) ×5 |
| 20:52 | Build | Lumber Camp |
| 21:10 | Create | Villager (Male) |
| 21:16 | Build | Town Center |
| 21:22 | Create | Villager (Male) |
| 21:23 | Create | Villager (Male) |
| 21:23 | Create | Villager (Male) |
| 21:25 | Build | Farm |
| 21:27 | Build | Farm |
| 21:31 | Build | Farm |
| 21:41 | Build | Outpost |
| 21:43 | Research | Town Watch |
| 21:45 | Create | Villager (Male) ×5 |
| 22:04 | Build | Farm |
| 22:05 | Build | Farm |
| 22:08 | Build | Farm |
| 22:11 | Build | Farm |
| 22:17 | Research | Hand Cart |
| 22:29 | Create | Villager (Male) |
| 22:30 | Create | Villager (Male) |
| 22:41 | Build | Outpost |
| 22:44 | Research | Loom |
| 22:45 | Create | Villager (Male) |
| 22:50 | Create | Villager (Male) |
| 22:50 | Create | Villager (Male) |
| 22:54 | Build | Farm |
| 22:54 | Build | Farm |
| 22:55 | Build | Farm |
| 23:00 | Build | Farm |
| 23:01 | Build | Farm |
| 23:03 | Build | Farm |
| 23:05 | Build | Farm |
| 23:07 | Build | Farm |
| 23:12 | Research | Heavy Plow |
| 23:16 | Research | Stone Mining |
| 23:16 | Research | Stone Mining |
| 23:17 | Create | Villager (Male) |
| 23:18 | Create | Villager (Male) |
| 23:18 | Create | Villager (Male) |
| 23:18 | Create | Villager (Male) |
| 23:18 | Create | Villager (Male) |
| 23:18 | Create | Villager (Male) |
| 23:23 | Build | Outpost |
| 23:41 | Build | Outpost |
| 23:47 | Build | Farm |
| 23:50 | Create | Villager (Male) ×4 |
Build order — 一剑扫秋风nelson
First 150 of 1175 actions detected
| 0:01 | Create | Villager (Male) |
| 0:02 | Build | House |
| 0:04 | Build | House |
| 0:08 | Create | Villager (Male) |
| 0:08 | Create | Villager (Male) |
| 0:10 | Create | Villager (Male) |
| 1:31 | Create | Villager (Male) |
| 2:05 | Create | Villager (Male) |
| 2:27 | Create | Villager (Male) |
| 2:28 | Build | Lumber Camp |
| 2:43 | Build | House |
| 2:44 | Build | House |
| 2:49 | Create | Villager (Male) |
| 3:17 | Create | Villager (Male) |
| 3:46 | Create | Villager (Male) |
| 4:10 | Create | Villager (Male) |
| 4:24 | Create | Villager (Male) |
| 4:38 | Create | Villager (Male) |
| 4:52 | Create | Villager (Male) |
| 5:08 | Build | Mill |
| 5:22 | Build | House |
| 5:35 | Create | Villager (Male) |
| 6:15 | Create | Villager (Male) |
| 6:25 | Build | Farm |
| 6:42 | Create | Villager (Male) |
| 7:09 | Create | Villager (Male) |
| 7:21 | Build | Mining Camp |
| 7:34 | Build | Farm |
| 7:35 | Create | Villager (Male) |
| 7:37 | Build | Farm |
| 8:02 | Create | Villager (Male) |
| 8:08 | Build | Farm |
| 8:22 | Create | Villager (Male) |
| 8:45 | Create | Villager (Male) |
| 8:54 | Research | Feudal Age |
| 8:58 | Build | Farm |
| 9:15 | Create | Villager (Male) |
| 9:18 | Build | Farm |
| 9:43 | Research | Feudal Age |
| 9:53 | Create | Villager (Male) |
| 9:53 | Create | Villager (Male) |
| 9:53 | Create | Villager (Male) |
| 11:53 | Age | Feudal Age |
| 11:58 | Build | Market |
| 11:59 | Research | Double-Bit Axe |
| 12:01 | Build | Blacksmith |
| 12:52 | Build | Barracks |
| 13:03 | Research | Horse Collar |
| 13:04 | Research | Castle Age |
| 13:34 | Build | Stable |
| 13:53 | Research | Gold Mining |
| 14:00 | Build | House |
| 14:10 | Build | Farm |
| 14:19 | Create | Militia |
| 14:19 | Create | Scout Cavalry |
| 14:20 | Create | Scout Cavalry |
| 14:32 | Build | House |
| 14:50 | Create | Scout Cavalry |
| 14:53 | Build | House |
| 15:32 | Create | Villager (Male) |
| 15:33 | Build | Farm |
| 15:42 | Build | House |
| 15:43 | Build | House |
| 15:45 | Create | Villager (Male) |
| 15:48 | Age | Castle Age |
| 15:48 | Build | Farm |
| 15:49 | Build | Farm |
| 15:57 | Create | Villager (Male) |
| 16:00 | Research | Heavy Plow |
| 16:04 | Build | Town Center |
| 16:15 | Build | Farm |
| 16:23 | Build | House |
| 16:34 | Create | Scout Cavalry |
| 16:43 | Build | House |
| 16:51 | Build | Farm |
| 16:53 | Create | Villager (Male) |
| 16:59 | Build | House |
| 17:24 | Create | Villager (Male) |
| 17:34 | Create | Villager (Male) |
| 17:47 | Create | Villager (Male) |
| 17:48 | Create | Villager (Male) |
| 18:03 | Build | Monastery |
| 18:16 | Create | Villager (Male) |
| 18:17 | Create | Villager (Male) |
| 18:31 | Build | Town Center |
| 18:42 | Create | Villager (Male) |
| 18:45 | Create | Villager (Male) |
| 18:48 | Build | House |
| 18:49 | Create | Monk |
| 18:58 | Create | Villager (Male) |
| 19:00 | Build | Farm |
| 19:02 | Build | Farm |
| 19:05 | Build | Farm |
| 19:10 | Build | Farm |
| 19:13 | Create | Villager (Male) |
| 19:27 | Build | House |
| 19:27 | Build | House |
| 19:29 | Create | Monk |
| 19:30 | Create | Villager (Male) |
| 19:33 | Build | Farm |
| 19:52 | Create | Villager (Male) |
| 19:52 | Create | Villager (Male) |
| 20:13 | Create | Villager (Male) |
| 20:15 | Build | Farm |
| 20:16 | Build | Farm |
| 20:20 | Create | Villager (Male) |
| 20:22 | Create | Villager (Male) |
| 20:23 | Build | Farm |
| 20:24 | Build | Farm |
| 20:38 | Build | House |
| 20:39 | Build | House |
| 20:46 | Create | Villager (Male) |
| 20:47 | Create | Villager (Male) |
| 20:48 | Create | Villager (Male) |
| 20:54 | Build | Farm |
| 20:55 | Build | Farm |
| 20:57 | Build | Lumber Camp |
| 21:03 | Create | Villager (Male) |
| 21:27 | Create | Villager (Male) |
| 21:28 | Create | Villager (Male) |
| 21:30 | Create | Villager (Male) |
| 21:33 | Build | Town Center |
| 21:42 | Create | Villager (Male) |
| 21:43 | Create | Villager (Male) |
| 21:44 | Create | Villager (Male) |
| 21:46 | Build | Farm |
| 21:53 | Build | House |
| 21:54 | Build | House |
| 22:08 | Research | Wheelbarrow |
| 22:13 | Build | Farm |
| 22:14 | Build | Farm |
| 22:17 | Build | House |
| 22:18 | Build | House |
| 22:21 | Create | Villager (Male) |
| 22:21 | Create | Villager (Male) |
| 22:24 | Create | Villager (Male) |
| 22:26 | Create | Monk |
| 22:41 | Create | Villager (Male) |
| 22:48 | Create | Villager (Male) |
| 22:50 | Create | Villager (Male) |
| 22:55 | Create | Villager (Male) |
| 22:57 | Build | Farm |
| 22:58 | Build | Farm |
| 23:00 | Research | Stone Mining |
| 23:03 | Create | Villager (Male) |
| 23:06 | Build | Farm |
| 23:07 | Build | Farm |
| 23:12 | Create | Villager (Male) |
| 23:17 | Create | Villager (Male) |
| 23:23 | Build | Farm |
Build order — Ryukgit
First 150 of 846 actions detected
| 0:02 | Create | Villager (Male) |
| 0:03 | Build | House |
| 0:04 | Build | House |
| 0:08 | Create | Villager (Male) |
| 0:08 | Create | Villager (Male) |
| 0:08 | Create | Villager (Male) |
| 0:08 | Create | Villager (Male) |
| 1:41 | Create | Villager (Male) |
| 1:43 | Build | Mill |
| 2:00 | Create | Villager (Male) |
| 2:21 | Create | Villager (Male) |
| 2:35 | Build | Lumber Camp |
| 2:52 | Create | Villager (Male) |
| 3:15 | Create | Villager (Male) |
| 3:31 | Create | Villager (Male) |
| 3:40 | Build | House |
| 3:55 | Create | Villager (Male) |
| 3:55 | Create | Villager (Male) |
| 4:02 | Build | House |
| 4:38 | Create | Villager (Male) |
| 4:38 | Create | Villager (Male) |
| 5:08 | Create | Villager (Male) |
| 5:08 | Create | Villager (Male) |
| 5:11 | Create | Villager (Male) |
| 5:11 | Create | Villager (Male) |
| 5:23 | Create | Villager (Male) |
| 5:23 | Create | Villager (Male) |
| 5:53 | Create | Villager (Male) |
| 6:34 | Create | Villager (Male) |
| 6:38 | Create | Villager (Male) |
| 6:46 | Create | Villager (Male) |
| 6:50 | Build | Farm |
| 7:19 | Build | Farm |
| 8:07 | Research | Feudal Age |
| 9:43 | Create | Villager (Male) |
| 9:44 | Create | Villager (Male) |
| 9:50 | Build | House |
| 10:11 | Age | Feudal Age |
| 10:12 | Build | Market |
| 10:14 | Build | Blacksmith |
| 10:41 | Research | Double-Bit Axe |
| 10:59 | Research | Castle Age |
| 11:30 | Research | Horse Collar |
| 11:30 | Research | Horse Collar |
| 11:40 | Build | House |
| 11:47 | Build | Farm |
| 11:49 | Build | Farm |
| 11:54 | Build | Farm |
| 12:22 | Build | Farm |
| 12:25 | Build | Farm |
| 12:50 | Create | Villager (Male) |
| 12:52 | Create | Villager (Male) |
| 13:24 | Age | Castle Age |
| 13:27 | Build | Town Center |
| 13:27 | Research | Bow Saw |
| 13:34 | Build | Farm |
| 13:35 | Build | Farm |
| 13:48 | Create | Villager (Male) |
| 13:52 | Build | Farm |
| 13:59 | Build | Farm |
| 14:16 | Create | Villager (Male) |
| 14:31 | Create | Villager (Male) |
| 14:35 | Build | Farm |
| 14:42 | Build | Farm |
| 14:47 | Create | Villager (Male) |
| 14:50 | Create | Villager (Male) |
| 14:50 | Create | Villager (Male) |
| 14:52 | Create | Villager (Male) |
| 15:13 | Create | Villager (Male) |
| 15:16 | Build | Town Center |
| 15:36 | Create | Villager (Male) |
| 15:36 | Create | Villager (Male) |
| 15:36 | Create | Villager (Male) |
| 15:41 | Create | Villager (Male) |
| 15:51 | Build | House |
| 15:52 | Build | House |
| 15:53 | Create | Villager (Male) |
| 15:53 | Create | Villager (Male) |
| 16:05 | Build | Farm |
| 16:06 | Build | Farm |
| 16:08 | Build | Farm |
| 16:08 | Build | Farm |
| 16:10 | Create | Villager (Male) |
| 16:14 | Build | Farm |
| 16:18 | Build | Farm |
| 16:21 | Build | Farm |
| 16:23 | Build | Farm |
| 16:25 | Create | Villager (Male) |
| 16:25 | Create | Villager (Male) |
| 16:28 | Build | House |
| 16:29 | Create | Villager (Male) |
| 16:41 | Build | Lumber Camp |
| 16:45 | Create | Villager (Male) |
| 16:45 | Create | Villager (Male) |
| 16:48 | Create | Villager (Male) |
| 16:59 | Create | Villager (Male) |
| 17:00 | Create | Villager (Male) |
| 17:08 | Create | Villager (Male) |
| 17:08 | Create | Villager (Male) |
| 17:14 | Build | Monastery |
| 17:15 | Create | Villager (Male) |
| 17:15 | Create | Villager (Male) |
| 17:25 | Create | Villager (Male) |
| 17:25 | Create | Villager (Male) |
| 17:31 | Build | Farm |
| 17:34 | Build | Farm |
| 17:36 | Create | Villager (Male) |
| 17:37 | Build | Farm |
| 17:43 | Create | Villager (Male) |
| 17:45 | Build | Farm |
| 17:55 | Build | Farm |
| 17:56 | Create | Villager (Male) |
| 17:56 | Create | Villager (Male) |
| 17:59 | Create | Villager (Male) |
| 18:01 | Build | Farm |
| 18:10 | Build | House |
| 18:10 | Create | Villager (Male) |
| 18:11 | Create | Villager (Male) |
| 18:17 | Create | Villager (Male) |
| 18:17 | Create | Villager (Male) |
| 18:17 | Create | Villager (Male) |
| 18:22 | Build | Farm |
| 18:23 | Create | Monk |
| 18:27 | Build | Farm |
| 18:29 | Build | Farm |
| 18:31 | Build | Farm |
| 18:32 | Create | Villager (Male) |
| 18:33 | Create | Villager (Male) |
| 18:38 | Create | Villager (Male) |
| 18:39 | Create | Villager (Male) |
| 18:43 | Create | Villager (Male) |
| 18:43 | Create | Villager (Male) |
| 18:58 | Build | Town Center |
| 19:02 | Create | Villager (Male) |
| 19:02 | Create | Villager (Male) |
| 19:02 | Create | Villager (Male) |
| 19:04 | Build | House |
| 19:05 | Build | House |
| 19:06 | Create | Villager (Male) |
| 19:06 | Create | Villager (Male) |
| 19:10 | Create | Villager (Male) |
| 19:10 | Create | Villager (Male) |
| 19:12 | Build | Farm |
| 19:15 | Build | Farm |
| 19:17 | Create | Villager (Male) |
| 19:17 | Create | Villager (Male) |
| 19:20 | Build | Farm |
| 19:22 | Create | Villager (Male) |
| 19:22 | Create | Villager (Male) |
| 19:29 | Build | House |
Build order — ^_^
First 150 of 878 actions detected
| 0:01 | Create | Villager (Male) |
| 0:01 | Create | Villager (Male) |
| 0:01 | Create | Villager (Male) |
| 0:02 | Create | Villager (Male) |
| 0:02 | Build | House |
| 0:03 | Build | House |
| 0:04 | Build | House |
| 1:33 | Create | Villager (Male) |
| 2:04 | Create | Villager (Male) |
| 2:04 | Create | Villager (Male) |
| 2:25 | Create | Villager (Male) |
| 2:25 | Create | Villager (Male) |
| 2:51 | Create | Villager (Male) |
| 2:51 | Create | Villager (Male) |
| 2:53 | Build | Lumber Camp |
| 3:04 | Create | Villager (Male) |
| 3:04 | Create | Villager (Male) |
| 3:38 | Create | Villager (Male) |
| 3:39 | Create | Villager (Male) |
| 4:21 | Create | Villager (Male) |
| 4:21 | Create | Villager (Male) |
| 4:24 | Create | Villager (Male) |
| 4:24 | Create | Villager (Male) |
| 5:05 | Create | Villager (Male) |
| 5:06 | Create | Villager (Male) |
| 5:06 | Create | Villager (Male) |
| 5:09 | Build | Mill |
| 5:53 | Create | Villager (Male) |
| 5:54 | Create | Villager (Male) |
| 5:58 | Build | House |
| 5:59 | Build | House |
| 6:19 | Build | House |
| 6:20 | Build | House |
| 6:37 | Create | Villager (Male) |
| 6:40 | Create | Villager (Male) |
| 6:50 | Build | Mining Camp |
| 7:30 | Build | Farm |
| 7:38 | Research | Feudal Age |
| 8:24 | Build | Farm |
| 8:56 | Create | Villager (Male) |
| 8:57 | Create | Villager (Male) |
| 9:48 | Age | Feudal Age |
| 9:54 | Build | Market |
| 10:00 | Build | Blacksmith |
| 10:29 | Build | Mining Camp |
| 10:32 | Create | Villager (Male) |
| 11:00 | Create | Villager (Male) |
| 11:41 | Research | Castle Age |
| 11:41 | Research | Castle Age |
| 12:05 | Research | Stone Mining |
| 12:57 | Research | Double-Bit Axe |
| 13:34 | Research | Horse Collar |
| 13:36 | Build | Farm |
| 13:39 | Build | Farm |
| 14:02 | Create | Villager (Male) |
| 14:19 | Build | Farm |
| 14:21 | Age | Castle Age |
| 14:34 | Create | Villager (Male) |
| 15:01 | Build | Castle |
| 15:10 | Create | Villager (Male) |
| 15:13 | Build | Farm |
| 15:25 | Create | Villager (Male) |
| 15:38 | Build | House |
| 15:41 | Build | Farm |
| 15:45 | Create | Villager (Male) |
| 16:03 | Build | Farm |
| 16:06 | Build | Farm |
| 16:07 | Build | Farm |
| 16:14 | Create | Villager (Male) |
| 16:35 | Build | Farm |
| 16:36 | Create | Villager (Male) |
| 16:55 | Build | Farm |
| 16:57 | Build | Farm |
| 17:00 | Create | Villager (Male) |
| 17:05 | Build | Farm |
| 17:06 | Build | Farm |
| 17:32 | Create | Villager (Male) |
| 17:39 | Create | Petard |
| 17:39 | Create | Petard |
| 17:47 | Build | Farm |
| 17:57 | Build | Farm |
| 18:03 | Create | Villager (Male) |
| 18:16 | Create | Woad Raider |
| 18:20 | Create | Woad Raider |
| 18:25 | Build | Farm |
| 18:28 | Create | Villager (Male) |
| 18:29 | Create | Villager (Male) |
| 18:35 | Build | Farm |
| 18:42 | Research | Loom |
| 18:43 | Create | Woad Raider |
| 18:58 | Create | Woad Raider |
| 19:13 | Create | Woad Raider |
| 19:14 | Create | Woad Raider |
| 19:27 | Create | Woad Raider |
| 19:29 | Create | Villager (Male) |
| 19:30 | Create | Villager (Male) |
| 19:43 | Create | Villager (Male) |
| 19:57 | Create | Woad Raider |
| 20:18 | Create | Villager (Male) |
| 20:25 | Create | Woad Raider |
| 20:25 | Create | Woad Raider |
| 20:30 | Build | Castle |
| 20:41 | Create | Villager (Male) |
| 20:59 | Create | Woad Raider |
| 21:01 | Create | Villager (Male) |
| 21:12 | Build | Siege Workshop |
| 21:14 | Build | Mining Camp |
| 21:21 | Create | Villager (Male) |
| 21:46 | Create | Villager (Male) |
| 21:50 | Create | Woad Raider |
| 21:50 | Create | Woad Raider |
| 21:56 | Build | Town Center |
| 22:05 | Create | Woad Raider |
| 22:09 | Create | Villager (Male) |
| 22:17 | Create | Battering Ram |
| 22:17 | Create | Battering Ram |
| 22:29 | Create | Woad Raider |
| 22:29 | Create | Woad Raider |
| 22:30 | Create | Villager (Male) |
| 22:31 | Create | Villager (Male) |
| 23:05 | Create | Villager (Male) |
| 23:07 | Create | Villager (Male) |
| 23:07 | Create | Villager (Male) |
| 23:18 | Create | Battering Ram |
| 23:18 | Create | Battering Ram |
| 23:24 | Create | Villager (Male) |
| 23:37 | Create | Villager (Male) |
| 23:38 | Create | Villager (Male) |
| 23:42 | Create | Woad Raider |
| 23:46 | Create | Battering Ram |
| 23:46 | Create | Battering Ram |
| 23:55 | Create | Villager (Male) |
| 24:05 | Build | Lumber Camp |
| 24:13 | Create | Woad Raider |
| 24:14 | Create | Woad Raider |
| 24:14 | Create | Woad Raider |
| 24:29 | Create | Villager (Male) |
| 24:30 | Create | Villager (Male) |
| 24:42 | Create | Battering Ram |
| 24:46 | Create | Villager (Male) |
| 25:01 | Create | Woad Raider |
| 25:03 | Create | Woad Raider |
| 25:04 | Create | Woad Raider |
| 25:09 | Create | Villager (Male) |
| 25:09 | Create | Villager (Male) |
| 25:28 | Create | Battering Ram |
| 25:29 | Create | Villager (Male) |
| 25:30 | Create | Woad Raider |
| 25:43 | Build | Town Center |
| 25:44 | Create | Villager (Male) |
Build order — Ryukgit
First 150 of 1015 actions detected
| 0:01 | Create | Villager (Male) |
| 0:01 | Create | Villager (Male) |
| 0:01 | Create | Villager (Male) |
| 0:02 | Build | House |
| 0:05 | Build | House |
| 0:05 | Create | Villager (Male) |
| 1:25 | Create | Villager (Male) |
| 1:25 | Create | Villager (Male) |
| 1:46 | Build | Mill |
| 1:57 | Create | Villager (Male) |
| 2:22 | Create | Villager (Male) |
| 2:37 | Build | Lumber Camp |
| 2:46 | Create | Villager (Male) |
| 2:46 | Create | Villager (Male) |
| 3:06 | Create | Villager (Male) |
| 3:06 | Create | Villager (Male) |
| 3:29 | Create | Villager (Male) |
| 3:46 | Create | Villager (Male) |
| 3:52 | Build | House |
| 4:18 | Build | Lumber Camp |
| 4:29 | Create | Villager (Male) |
| 4:38 | Create | Villager (Male) |
| 4:57 | Create | Villager (Male) |
| 5:32 | Create | Villager (Male) |
| 5:46 | Create | Villager (Male) |
| 5:51 | Build | House |
| 6:02 | Create | Villager (Male) |
| 6:20 | Create | Villager (Male) |
| 7:18 | Create | Villager (Male) |
| 7:39 | Create | Villager (Male) |
| 8:04 | Build | Mining Camp |
| 8:06 | Build | Farm |
| 8:11 | Research | Feudal Age |
| 9:05 | Create | Villager (Male) |
| 9:31 | Build | House |
| 10:31 | Age | Feudal Age |
| 10:36 | Create | Villager (Male) |
| 10:41 | Build | Market |
| 10:44 | Build | Blacksmith |
| 10:45 | Research | Double-Bit Axe |
| 11:45 | Research | Castle Age |
| 11:45 | Research | Castle Age |
| 12:43 | Build | Farm |
| 12:46 | Build | Farm |
| 12:49 | Build | Farm |
| 12:55 | Build | Farm |
| 12:58 | Build | Farm |
| 13:02 | Build | House |
| 13:16 | Build | Farm |
| 13:29 | Create | Villager (Male) |
| 13:51 | Build | Farm |
| 14:25 | Age | Castle Age |
| 14:28 | Build | Town Center |
| 14:31 | Create | Villager (Male) |
| 14:36 | Research | Bow Saw |
| 14:48 | Build | Town Center |
| 14:53 | Create | Villager (Male) |
| 15:10 | Build | Farm |
| 15:16 | Build | Farm |
| 15:23 | Create | Villager (Male) |
| 15:24 | Create | Villager (Male) |
| 15:24 | Create | Villager (Male) |
| 15:25 | Create | Villager (Male) |
| 15:27 | Build | Farm |
| 15:44 | Build | Farm |
| 15:47 | Create | Villager (Male) |
| 16:00 | Build | House |
| 16:03 | Create | Villager (Male) |
| 16:04 | Build | Farm |
| 16:10 | Build | Farm |
| 16:13 | Create | Villager (Male) |
| 16:18 | Create | Villager (Male) |
| 16:26 | Build | Farm |
| 16:26 | Create | Villager (Male) |
| 16:38 | Research | Wheelbarrow |
| 16:38 | Research | Wheelbarrow |
| 16:44 | Create | Villager (Male) |
| 16:49 | Build | Farm |
| 16:50 | Create | Villager (Male) |
| 16:50 | Create | Villager (Male) |
| 16:57 | Build | Outpost |
| 17:01 | Create | Villager (Male) |
| 17:10 | Build | Farm |
| 17:10 | Create | Villager (Male) |
| 17:19 | Build | Farm |
| 17:19 | Create | Villager (Male) |
| 17:34 | Build | Farm |
| 17:35 | Create | Villager (Male) |
| 17:45 | Build | House |
| 17:47 | Create | Villager (Male) |
| 17:49 | Build | Farm |
| 17:54 | Build | Farm |
| 17:56 | Create | Villager (Male) |
| 17:57 | Create | Villager (Male) |
| 18:08 | Create | Villager (Male) |
| 18:18 | Create | Villager (Male) |
| 18:21 | Create | Villager (Male) |
| 18:26 | Build | Town Center |
| 18:31 | Create | Villager (Male) |
| 18:35 | Build | Farm |
| 18:41 | Create | Villager (Male) |
| 18:47 | Create | Villager (Male) |
| 18:50 | Build | Farm |
| 18:59 | Create | Villager (Male) |
| 19:01 | Build | Farm |
| 19:04 | Create | Villager (Male) |
| 19:14 | Build | Farm |
| 19:15 | Create | Villager (Male) |
| 19:18 | Create | Villager (Male) |
| 19:23 | Build | Farm |
| 19:26 | Create | Villager (Male) |
| 19:30 | Create | Villager (Male) |
| 19:36 | Create | Villager (Male) |
| 19:39 | Build | Farm |
| 19:42 | Build | Farm |
| 19:42 | Create | Villager (Male) |
| 19:47 | Create | Villager (Male) |
| 19:48 | Create | Villager (Male) |
| 19:52 | Create | Villager (Male) |
| 19:57 | Build | House |
| 20:03 | Create | Villager (Male) |
| 20:06 | Create | Villager (Male) |
| 20:20 | Research | Loom |
| 20:40 | Research | Hand Cart |
| 21:06 | Build | Town Center |
| 21:07 | Create | Villager (Male) |
| 21:18 | Build | Mining Camp |
| 21:20 | Build | House |
| 21:21 | Build | House |
| 21:29 | Build | Farm |
| 21:32 | Create | Villager (Male) |
| 21:36 | Create | Villager (Male) |
| 21:41 | Create | Villager (Male) |
| 21:49 | Create | Villager (Male) |
| 21:51 | Build | Mining Camp |
| 22:02 | Create | Villager (Male) |
| 22:09 | Create | Villager (Male) |
| 22:11 | Create | Villager (Male) |
| 22:12 | Create | Villager (Male) |
| 22:14 | Build | Farm |
| 22:15 | Build | Farm |
| 22:15 | Create | Villager (Male) |
| 22:17 | Create | Villager (Male) |
| 22:19 | Create | Villager (Male) |
| 22:21 | Build | Farm |
| 22:21 | Build | Farm |
| 22:22 | Create | Villager (Male) |
| 22:46 | Create | Villager (Male) |
| 22:56 | Create | Villager (Male) |
| 23:03 | Build | Castle |
Match timeline
| 8:14 | ryukgit · first_building Barracks |
| 9:48 | ^_^ · age_up feudal |
| 10:06 | H 2 0 · age_up feudal |
| 10:11 | Ryukgit · age_up feudal |
| 10:31 | Ryukgit · age_up feudal |
| 10:31 | Poggle-der-Fisch · age_up feudal |
| 10:31 | RoR | Yokohama · age_up feudal |
| 11:00 | ryukgit · age_up feudal |
| 11:04 | ryukgit · first_building Stable |
| 11:53 | 一剑扫秋风nelson · age_up feudal |
| 12:20 | Ryukgit · first_market_sell 100 wood |
| 12:41 | Ryukgit · first_market_buy 100 food |
| 12:52 | 一剑扫秋风nelson · first_building Barracks |
| 13:24 | Ryukgit · age_up castle |
| 13:34 | 一剑扫秋风nelson · first_building Stable |
| 13:40 | H 2 0 · age_up castle |
| 14:14 | RoR | Yokohama · age_up castle |
| 14:18 | Poggle-der-Fisch · age_up castle |
| 14:21 | ^_^ · age_up castle |
| 14:25 | Ryukgit · age_up castle |
| 14:34 | ryukgit · age_up castle |
| 15:01 | ^_^ · first_building Castle |
| 15:27 | RoR | Yokohama · first_market_buy 100 food |
| 15:41 | ryukgit · first_building Monastery |
| 15:48 | 一剑扫秋风nelson · age_up castle |
| 17:14 | Ryukgit · first_building Monastery |
| 17:42 | Poggle-der-Fisch · first_market_buy 100 food |
| 18:03 | 一剑扫秋风nelson · first_building Monastery |
| 20:24 | H 2 0 · first_building Monastery |
| 21:00 | 一剑扫秋风nelson · first_market_buy 100 stone |
| 21:12 | ^_^ · first_building Siege Workshop |
| 22:43 | ryukgit · first_building Siege Workshop |
| 23:03 | Ryukgit · first_building Castle |
| 23:49 | H 2 0 · first_market_sell 100 wood |
| 24:22 | H 2 0 · first_building Castle |
| 24:41 | ^_^ · first_market_buy 100 wood |
| 24:53 | Ryukgit · first_building Castle |
| 25:00 | RoR | Yokohama · first_building Monastery |
| 25:01 | Poggle-der-Fisch · first_building Barracks |
| 25:09 | Poggle-der-Fisch · first_building Monastery |
| 25:22 | RoR | Yokohama · first_building Castle |
| 25:27 | H 2 0 · first_market_buy 500 stone |
| 25:51 | RoR | Yokohama · first_building Barracks |
| 26:01 | Poggle-der-Fisch · first_building Archery Range |
| 26:03 | Poggle-der-Fisch · first_building Stable |
| 26:03 | Ryukgit · first_building Barracks |
| 26:33 | ryukgit · first_building Castle |
| 27:01 | RoR | Yokohama · first_building Donjon |
| 27:06 | H 2 0 · age_up imperial |
| 27:17 | Ryukgit · first_building Stable |
| 27:37 | Poggle-der-Fisch · first_building Castle |
| 28:06 | Ryukgit · first_market_buy 100 stone |
| 28:41 | ryukgit · first_market_sell 100 wood |
| 28:42 | ryukgit · first_market_buy 100 stone |
| 28:46 | Ryukgit · age_up imperial |
| 28:51 | RoR | Yokohama · age_up imperial |
| 29:00 | Poggle-der-Fisch · age_up imperial |
| 29:01 | Ryukgit · first_market_sell 100 food |
| 29:30 | ryukgit · age_up imperial |
| 29:33 | H 2 0 · wall_segment Stone Wall x4 |
| 29:47 | 一剑扫秋风nelson · age_up imperial |
| 30:09 | RoR | Yokohama · first_market_sell 500 wood |
| 30:19 | H 2 0 · first_building Barracks |
| 30:20 | Ryukgit · first_building Barracks |
| 30:55 | RoR | Yokohama · first_building Siege Workshop |
| 31:20 | H 2 0 · first_building Archery Range |
| 31:24 | Ryukgit · wall_segment Stone Wall x7 |
| 32:01 | Ryukgit · wall_segment Stone Wall x5 |
| 32:06 | Ryukgit · wall_segment Stone Wall x5 |
| 32:43 | 一剑扫秋风nelson · first_building Castle |
| 33:02 | Ryukgit · wall_segment Stone Wall x1 |
| 33:09 | Ryukgit · wall_segment Stone Wall x1 |
| 33:24 | Ryukgit · wall_segment Stone Wall x1 |
| 33:27 | Ryukgit · wall_segment Stone Wall x2 |
| 33:47 | Poggle-der-Fisch · wall_segment Stone Wall x1 |
| 34:02 | Poggle-der-Fisch · first_market_sell 500 food |
| 34:04 | ryukgit · first_building Archery Range |
| 34:10 | Ryukgit · wall_segment Stone Wall x1 |
| 34:22 | Ryukgit · wall_segment Stone Wall x1 |
| 34:34 | Ryukgit · wall_segment Stone Wall x1 |
| 34:36 | Ryukgit · wall_segment Stone Wall x4 |
| 35:45 | H 2 0 · first_building Siege Workshop |
| 35:55 | Ryukgit · first_building Siege Workshop |
| 36:07 | Ryukgit · wall_segment Stone Wall x1 |
| 36:09 | Ryukgit · wall_segment Stone Wall x1 |
| 36:15 | Ryukgit · wall_segment Palisade Wall x1 |
| 36:48 | Ryukgit · wall_segment Stone Wall x1 |
| 37:27 | RoR | Yokohama · tribute_sent a jugador 1 |
| 37:27 | RoR | Yokohama · tribute_sent a jugador 3 |
| 37:27 | RoR | Yokohama · tribute_sent a jugador 4 |
| 37:27 | RoR | Yokohama · tribute_sent a jugador 5 |
| 37:27 | RoR | Yokohama · tribute_sent a jugador 6 |
| 37:27 | RoR | Yokohama · tribute_sent a jugador 7 |
| 37:27 | RoR | Yokohama · tribute_sent a jugador 8 |
| 38:17 | ^_^ · first_market_sell 100 food |
| 38:49 | ^_^ · age_up imperial |
| 39:48 | H 2 0 · tribute_sent a jugador 2 |
| 39:48 | H 2 0 · tribute_sent a jugador 3 |
| 39:48 | H 2 0 · tribute_sent a jugador 4 |
| 39:48 | H 2 0 · tribute_sent a jugador 5 |
| 39:48 | H 2 0 · tribute_sent a jugador 6 |
| 39:48 | H 2 0 · tribute_sent a jugador 7 |
| 39:48 | H 2 0 · tribute_sent a jugador 8 |
| 41:06 | ^_^ · first_building Barracks |
| 41:09 | Ryukgit · age_up imperial |
| 42:10 | Ryukgit · first_building Archery Range |
| 42:32 | Ryukgit · first_building Siege Workshop |
| 42:33 | 一剑扫秋风nelson · first_market_sell 100 food |
| 42:44 | RoR | Yokohama · first_building Archery Range |
| 42:46 | 一剑扫秋风nelson · first_building Siege Workshop |
| 44:03 | H 2 0 · tribute_sent a jugador 2 |
| 44:03 | H 2 0 · tribute_sent a jugador 3 |
| 44:03 | H 2 0 · tribute_sent a jugador 4 |
| 44:03 | H 2 0 · tribute_sent a jugador 5 |
| 44:03 | H 2 0 · tribute_sent a jugador 6 |
| 44:03 | H 2 0 · tribute_sent a jugador 7 |
| 44:03 | H 2 0 · tribute_sent a jugador 8 |
| 47:38 | H 2 0 · tribute_sent a jugador 2 |
| 47:38 | H 2 0 · tribute_sent a jugador 3 |
| 47:38 | H 2 0 · tribute_sent a jugador 4 |
| 47:38 | H 2 0 · tribute_sent a jugador 5 |
| 47:38 | H 2 0 · tribute_sent a jugador 6 |
| 47:38 | H 2 0 · tribute_sent a jugador 7 |
| 47:38 | H 2 0 · tribute_sent a jugador 8 |
| 47:38 | ^_^ · tribute_sent a jugador 1 |
| 47:38 | ^_^ · tribute_sent a jugador 2 |
| 47:38 | ^_^ · tribute_sent a jugador 3 |
| 47:38 | ^_^ · tribute_sent a jugador 4 |
| 47:38 | ^_^ · tribute_sent a jugador 5 |
| 47:38 | ^_^ · tribute_sent a jugador 6 |
| 47:38 | ^_^ · tribute_sent a jugador 8 |
| 48:06 | H 2 0 · tribute_sent a jugador 2 |
| 48:06 | H 2 0 · tribute_sent a jugador 3 |
| 48:06 | H 2 0 · tribute_sent a jugador 4 |
| 48:06 | H 2 0 · tribute_sent a jugador 5 |
| 48:06 | H 2 0 · tribute_sent a jugador 6 |
| 48:06 | H 2 0 · tribute_sent a jugador 7 |
| 48:06 | H 2 0 · tribute_sent a jugador 8 |
| 49:16 | Ryukgit · tribute_sent a jugador 1 |
| 49:16 | Ryukgit · tribute_sent a jugador 2 |
| 49:16 | Ryukgit · tribute_sent a jugador 3 |
| 49:16 | Ryukgit · tribute_sent a jugador 4 |
| 49:16 | Ryukgit · tribute_sent a jugador 5 |
| 49:16 | Ryukgit · tribute_sent a jugador 7 |
| 49:16 | Ryukgit · tribute_sent a jugador 8 |
| 49:51 | H 2 0 · first_building Stable |
| 50:09 | Ryukgit · tribute_sent a jugador 1 |
| 50:09 | Ryukgit · tribute_sent a jugador 2 |
| 50:09 | Ryukgit · tribute_sent a jugador 3 |
| 50:09 | Ryukgit · tribute_sent a jugador 4 |
| 50:09 | Ryukgit · tribute_sent a jugador 5 |
| 50:09 | Ryukgit · tribute_sent a jugador 7 |
| 50:09 | Ryukgit · tribute_sent a jugador 8 |
| 53:22 | H 2 0 · tribute_sent a jugador 2 |
| 53:22 | H 2 0 · tribute_sent a jugador 3 |
| 53:22 | H 2 0 · tribute_sent a jugador 4 |
| 53:22 | H 2 0 · tribute_sent a jugador 5 |
| 53:22 | H 2 0 · tribute_sent a jugador 6 |
| 53:22 | H 2 0 · tribute_sent a jugador 7 |
| 53:22 | H 2 0 · tribute_sent a jugador 8 |
| 53:42 | ^_^ · tribute_sent a jugador 1 |
| 53:42 | ^_^ · tribute_sent a jugador 2 |
| 53:42 | ^_^ · tribute_sent a jugador 3 |
| 53:42 | ^_^ · tribute_sent a jugador 4 |
| 53:42 | ^_^ · tribute_sent a jugador 5 |
| 53:42 | ^_^ · tribute_sent a jugador 6 |
| 53:42 | ^_^ · tribute_sent a jugador 8 |
| 56:04 | Ryukgit · first_building Monastery |
| 56:28 | Ryukgit · tribute_sent a jugador 1 |
| 56:28 | Ryukgit · tribute_sent a jugador 2 |
| 56:28 | Ryukgit · tribute_sent a jugador 3 |
| 56:28 | Ryukgit · tribute_sent a jugador 4 |
| 56:28 | Ryukgit · tribute_sent a jugador 5 |
| 56:28 | Ryukgit · tribute_sent a jugador 7 |
| 56:28 | Ryukgit · tribute_sent a jugador 8 |
| 56:47 | Ryukgit · tribute_sent a jugador 1 |
| 56:47 | Ryukgit · tribute_sent a jugador 2 |
| 56:47 | Ryukgit · tribute_sent a jugador 3 |
| 56:47 | Ryukgit · tribute_sent a jugador 4 |
| 56:47 | Ryukgit · tribute_sent a jugador 5 |
| 56:47 | Ryukgit · tribute_sent a jugador 7 |
| 56:47 | Ryukgit · tribute_sent a jugador 8 |
| 57:11 | H 2 0 · tribute_sent a jugador 2 |
| 57:11 | H 2 0 · tribute_sent a jugador 3 |
| 57:11 | H 2 0 · tribute_sent a jugador 4 |
| 57:11 | H 2 0 · tribute_sent a jugador 5 |
| 57:11 | H 2 0 · tribute_sent a jugador 6 |
| 57:11 | H 2 0 · tribute_sent a jugador 7 |
| 57:11 | H 2 0 · tribute_sent a jugador 8 |
| 58:17 | H 2 0 · tribute_sent a jugador 2 |
| 58:17 | H 2 0 · tribute_sent a jugador 3 |
| 58:17 | H 2 0 · tribute_sent a jugador 4 |
| 58:17 | H 2 0 · tribute_sent a jugador 5 |
| 58:17 | H 2 0 · tribute_sent a jugador 6 |
| 58:17 | H 2 0 · tribute_sent a jugador 7 |
| 58:17 | H 2 0 · tribute_sent a jugador 8 |
| 58:24 | H 2 0 · tribute_sent a jugador 2 |
| 58:24 | H 2 0 · tribute_sent a jugador 3 |
| 58:24 | H 2 0 · tribute_sent a jugador 4 |
| 58:24 | H 2 0 · tribute_sent a jugador 5 |
| 58:24 | H 2 0 · tribute_sent a jugador 6 |
| 58:24 | H 2 0 · tribute_sent a jugador 7 |
| 58:24 | H 2 0 · tribute_sent a jugador 8 |
| 58:31 | H 2 0 · tribute_sent a jugador 2 |
| 58:31 | H 2 0 · tribute_sent a jugador 3 |
| 58:31 | H 2 0 · tribute_sent a jugador 4 |
| 58:31 | H 2 0 · tribute_sent a jugador 5 |
| 58:31 | H 2 0 · tribute_sent a jugador 6 |
| 58:31 | H 2 0 · tribute_sent a jugador 7 |
| 58:31 | H 2 0 · tribute_sent a jugador 8 |
| 62:03 | H 2 0 · tribute_sent a jugador 2 |
| 62:03 | H 2 0 · tribute_sent a jugador 3 |
| 62:03 | H 2 0 · tribute_sent a jugador 4 |
| 62:03 | H 2 0 · tribute_sent a jugador 5 |
| 62:03 | H 2 0 · tribute_sent a jugador 6 |
| 62:03 | H 2 0 · tribute_sent a jugador 7 |
| 62:03 | H 2 0 · tribute_sent a jugador 8 |
| 62:55 | Ryukgit · resign |
[ AI ANALYSIS · 1 CREDIT ]
What really happened in this match?
Wolo.gg analyzes every decision: build order, eco, micro, common mistakes by bracket. Personalized analysis on WhatsApp or Discord in 30 seconds.
Civ guide
Georgians
Perfil
Jugador #11340951